% Time on Ice - COLORADO GLACIERCATS
Lines # - Real PCT - Wanted PCT - Time Play
Normal Forward
1 - 34% - 35% - 18:54
2 - 31% - 33% - 16:57
3 - 26% - 27% - 14:10
4 - 9% - 5% - 5:06
Normal Defense
1 - 36% - 40% - 20:07
2 - 31% - 36% - 17:06
3 - 29% - 20% - 15:46
4 - 4% - 4% - 2:08
PP Forward
1 - 61% - 50% - 1:47
2 - 39% - 50% - 1:07
PP Defense
1 - 40% - 55% - 1:09
2 - 60% - 45% - 1:45
PK Forward
1 - 66% - 50% - 1:19
2 - 34% - 50% - 0:40
PK Defense
1 - 81% - 50% - 1:36
2 - 19% - 50% - 0:23
PK3 Forward
1 - 0% - 50%
2 - 0% - 50%
PK3 Defense
1 - 0% - 50%
2 - 0% - 50%
44 Forward
1 - 0% - 50%
2 - 0% - 50%
44 Defense
1 - 0% - 45%
2 - 0% - 55%
Last Minute Offensive  - 0:00
Last Minute Defensive  - 0:00
Total
Forward - 60:00
Defense - 60:00
% Time on Ice - WINNIPEG BEAVERS
Lines # - Real PCT - Wanted PCT - Time Play
Normal Forward
1 - 33% - 35% - 18:00
2 - 29% - 32% - 16:11
3 - 23% - 25% - 12:48
4 - 15% - 8% - 8:08
Normal Defense
1 - 31% - 34% - 17:02
2 - 30% - 33% - 16:28
3 - 30% - 27% - 16:45
4 - 9% - 6% - 4:52
PP Forward
1 - 55% - 53% - 1:05
2 - 45% - 47% - 0:54
PP Defense
1 - 45% - 55% - 0:54
2 - 55% - 45% - 1:05
PK Forward
1 - 60% - 51% - 1:44
2 - 40% - 49% - 1:10
PK Defense
1 - 59% - 53% - 1:43
2 - 41% - 47% - 1:11
PK3 Forward
1 - 0% - 55%
2 - 0% - 45%
PK3 Defense
1 - 0% - 55%
2 - 0% - 45%
44 Forward
1 - 0% - 52%
2 - 0% - 48%
44 Defense
1 - 0% - 52%
2 - 0% - 48%
Last Minute Offensive  - 0:00
Last Minute Defensive  - 0:00
Total
Forward - 60:00
Defense - 60:00
Play-by-Play 1st period 0:01 of 1st period - Brayden Schenn wins face-off versus Tage Thompson in neutral zone. 1:15 of 1st period - Shot by Sam Bennett. 1:15 of 1st period - Stopped by Andrei Vasilevskiy without a rebound. 1:16 of 1st period - Alexander Wennberg wins face-off versus Sean Kuraly in COLORADO GLACIERCATS zone. 1:30 of 1st period - Shot by Alexander Wennberg. 1:30 of 1st period - Stopped by Ville Husso without a rebound. 1:31 of 1st period - Tomas Hertl wins face-off versus Sam Bennett in WINNIPEG BEAVERS zone. 1:31 of 1st period - Blake Wheeler is hit by Luke Schenn and loses puck. 4:04 of 1st period - Shot by Jamie Benn. 4:04 of 1st period - Shot Blocked by Carson Soucy. 4:06 of 1st period - Shot by Kristopher Letang. 4:06 of 1st period - Stopped by Ville Husso without a rebound. 4:07 of 1st period - Adam Ruzicka wins face-off versus Brayden Schenn in WINNIPEG BEAVERS zone. 4:32 of 1st period - Shot by Sam Lafferty. 4:32 of 1st period - Deflect By Adam Ruzicka. 4:32 of 1st period - Shot Misses the Net. 4:34 of 1st period - Shot by Matt Martin. 4:34 of 1st period - Deflect By Adam Ruzicka. 4:34 of 1st period - Shot Misses the Net. 4:36 of 1st period - Shot by Sam Lafferty. 4:36 of 1st period - Stopped by Ville Husso without a rebound. 4:37 of 1st period - Alexander Wennberg wins face-off versus Brandon Tanev in WINNIPEG BEAVERS zone. 4:46 of 1st period - Shot by Alexander Wennberg. 4:46 of 1st period - Stopped by Ville Husso with a rebound. 5:02 of 1st period - Shot by Alexander Wennberg. 5:02 of 1st period - Shot Misses the Net. 5:36 of 1st period - Shot by Bryan Rust. 5:36 of 1st period - Shot Misses the Net. 5:38 of 1st period - Shot by Bryan Rust. 5:38 of 1st period - Shot Hit the Post. 5:40 of 1st period - Shot by Blake Wheeler. 5:40 of 1st period - Stopped by Ville Husso without a rebound. 5:41 of 1st period - Brayden Schenn wins face-off versus Tage Thompson in WINNIPEG BEAVERS zone. 6:06 of 1st period - Shot by Leon Draisaitl. 6:06 of 1st period - Deflect By Jamie Benn. 6:06 of 1st period - Stopped by Ville Husso with a rebound. 6:17 of 1st period - Shot by Alexander DeBrincat. 6:17 of 1st period - Stopped by Andrei Vasilevskiy with a rebound. 7:17 of 1st period - Shot by Tomas Hertl. 7:17 of 1st period - Stopped by Ville Husso without a rebound. 7:18 of 1st period - Nick Cousins wins face-off versus Alexander Wennberg in WINNIPEG BEAVERS zone. 8:10 of 1st period - Icing by Mario Ferraro. 8:11 of 1st period - Sam Bennett wins face-off versus Alexander Wennberg in COLORADO GLACIERCATS zone. 8:12 of 1st period - Shot by Ondrej Palat. 8:12 of 1st period - Shot Blocked by Mario Ferraro. 8:37 of 1st period - Icing by Ondrej Palat. 8:38 of 1st period - Tage Thompson wins face-off versus Sam Bennett in WINNIPEG BEAVERS zone. 9:01 of 1st period - Icing by Brandon Tanev. 9:02 of 1st period - Sam Bennett wins face-off versus Tomas Hertl in WINNIPEG BEAVERS zone. 9:21 of 1st period - Brandon Tanev is hit by Kristopher Letang and loses puck. 9:29 of 1st period - Icing by Tomas Hertl. 9:30 of 1st period - Tomas Hertl wins face-off versus Brayden Schenn in COLORADO GLACIERCATS zone. 9:46 of 1st period - Shot by Alexander DeBrincat. 9:46 of 1st period - Shot Misses the Net. 9:49 of 1st period - Icing by Devon Toews. 9:50 of 1st period - Sean Kuraly wins face-off versus Tomas Hertl in COLORADO GLACIERCATS zone. 9:56 of 1st period - Blake Wheeler is hit by Sean Kuraly and loses puck. 10:14 of 1st period - Sean Kuraly is hit by Kristopher Letang and loses puck. 10:17 of 1st period - Shot by Sean Kuraly. 10:17 of 1st period - Shot Blocked by Blake Wheeler. 10:19 of 1st period - Shot by Caleb Jones. 10:19 of 1st period - Shot Misses the Net. 10:21 of 1st period - Shot by Alexander Kerfoot. 10:21 of 1st period - Shot Misses the Net. 10:29 of 1st period - Shot by Sean Kuraly. 10:29 of 1st period - Shot Hit the Post. 10:52 of 1st period - Alexander DeBrincat is hit by Kristopher Letang. 11:03 of 1st period - Alexander DeBrincat is hit by Devon Toews. 11:09 of 1st period - Shot by Alexander DeBrincat. 11:09 of 1st period - Shot Misses the Net. 11:11 of 1st period - Shot by Alexander DeBrincat. 11:11 of 1st period - Shot Misses the Net. 11:44 of 1st period - Brandon Tanev is hit by Devon Toews and loses puck. 11:47 of 1st period - Shot by Victor Hedman. 11:47 of 1st period - Stopped by Andrei Vasilevskiy with a rebound. 11:49 of 1st period - Shot by Ondrej Palat. 11:49 of 1st period - Shot Misses the Net. 11:51 of 1st period - Shot by Brandon Tanev. 11:51 of 1st period - Stopped by Andrei Vasilevskiy without a rebound. 11:52 of 1st period - Tage Thompson wins face-off versus Nick Cousins in COLORADO GLACIERCATS zone. 12:01 of 1st period - Shot by Jamie Benn. 12:01 of 1st period - Shot Misses the Net. 12:29 of 1st period - Shot by Tage Thompson. 12:29 of 1st period - Stopped by Ville Husso with a rebound. 12:57 of 1st period - Shot by Cal Clutterbuck. 12:57 of 1st period - Stopped by Andrei Vasilevskiy without a rebound. 12:58 of 1st period - Derick Brassard wins face-off versus Alexander Wennberg in COLORADO GLACIERCATS zone. 13:20 of 1st period - Icing by Mario Ferraro. 13:21 of 1st period - Sean Kuraly wins face-off versus Cole Perfetti in COLORADO GLACIERCATS zone. 13:34 of 1st period - Shot by Alexander Kerfoot. 13:34 of 1st period - Stopped by Andrei Vasilevskiy with a rebound. 13:38 of 1st period - Shot by Cal Clutterbuck. 13:38 of 1st period - Stopped by Andrei Vasilevskiy without a rebound. 13:39 of 1st period - Brayden Schenn wins face-off versus Adam Ruzicka in COLORADO GLACIERCATS zone. 13:42 of 1st period - Shot by Alexander DeBrincat. 13:42 of 1st period - Stopped by Andrei Vasilevskiy without a rebound. 13:43 of 1st period - Brayden Schenn wins face-off versus Adam Ruzicka in COLORADO GLACIERCATS zone. 14:13 of 1st period - Shot by Sam Lafferty. 14:13 of 1st period - Shot Misses the Net. 14:15 of 1st period - Shot by Vladislav Gavrikov. 14:15 of 1st period - Goal by Vladislav Gavrikov - COLORADO GLACIERCATS : 1 - WINNIPEG BEAVERS : 0. 14:16 of 1st period - Sam Bennett wins face-off versus Tage Thompson in neutral zone. 14:16 of 1st period - Sam Bennett is hit by Jamie Benn. 14:24 of 1st period - Shot by Victor Hedman. 14:24 of 1st period - Stopped by Andrei Vasilevskiy without a rebound. 14:25 of 1st period - Tage Thompson wins face-off versus Sean Kuraly in COLORADO GLACIERCATS zone. 15:20 of 1st period - Icing by Carson Soucy. 15:21 of 1st period - Alexander Wennberg wins face-off versus Sean Kuraly in WINNIPEG BEAVERS zone. 16:16 of 1st period - Icing by John Carlson. 16:17 of 1st period - Sam Bennett wins face-off versus Bryan Rust in WINNIPEG BEAVERS zone. 16:30 of 1st period - Kristopher Letang is hit by Brandon Tanev and loses puck. 17:17 of 1st period - Shot by Alexander DeBrincat. 17:17 of 1st period - Shot Blocked by Leon Draisaitl. 17:54 of 1st period - Shot by Jamie Benn. 17:54 of 1st period - Stopped by Ville Husso without a rebound. 17:55 of 1st period - Alexander Wennberg wins face-off versus Nick Cousins in WINNIPEG BEAVERS zone. 18:01 of 1st period - Victor Hedman is hit by Vladislav Gavrikov and loses puck. 19:09 of 1st period - Brandon Tanev is hit by Bryan Rust and loses puck. 19:17 of 1st period - Off-side. 19:18 of 1st period - Sean Kuraly wins face-off versus Tage Thompson in neutral zone. 19:31 of 1st period - Shot by Leon Draisaitl. 19:31 of 1st period - Shot Blocked by Victor Hedman. 19:40 of 1st period - Icing by Sean Kuraly. 19:41 of 1st period - Sean Kuraly wins face-off versus Adam Ruzicka in WINNIPEG BEAVERS zone. Goals for this period are 1 for COLORADO GLACIERCATS vs 0 for WINNIPEG BEAVERS. Shots for this period are 10 for COLORADO GLACIERCATS vs 9 for WINNIPEG BEAVERS. 2nd period 0:01 of 2nd period - Alexander DeBrincat wins face-off versus Tage Thompson in neutral zone. 0:20 of 2nd period - Shot by Alexander DeBrincat. 0:20 of 2nd period - Stopped by Andrei Vasilevskiy without a rebound. 0:21 of 2nd period - Alexander Wennberg wins face-off versus Sam Bennett in COLORADO GLACIERCATS zone. 0:21 of 2nd period - Nino Niederreiter is hit by Brandon Tanev and loses puck. 0:28 of 2nd period - Shot by Victor Hedman. 0:28 of 2nd period - Stopped by Andrei Vasilevskiy without a rebound. 0:29 of 2nd period - Tage Thompson wins face-off versus Sam Bennett in COLORADO GLACIERCATS zone. 1:33 of 2nd period - Off-side. 1:34 of 2nd period - Tomas Hertl wins face-off versus Sean Kuraly in neutral zone. 1:45 of 2nd period - Shot by Blake Wheeler. 1:45 of 2nd period - Stopped by Ville Husso with a rebound. 2:12 of 2nd period - Shot by Blake Wheeler. 2:12 of 2nd period - Shot Misses the Net. 2:20 of 2nd period - Mario Ferraro is hit by Cal Clutterbuck and loses puck. 2:59 of 2nd period - Shot by Alexander DeBrincat. 2:59 of 2nd period - Goal by Alexander DeBrincat - COLORADO GLACIERCATS : 1 - WINNIPEG BEAVERS : 1. 3:00 of 2nd period - Alexander Wennberg wins face-off versus Sam Bennett in neutral zone. 3:05 of 2nd period - Shot by Cole Perfetti. 3:05 of 2nd period - Shot Misses the Net. 3:19 of 2nd period - Shot by Vince Dunn. 3:19 of 2nd period - Defl